[Event "Titled Tuesday Blitz February 22 Late 2022"]
[White "Timofeev, Artyom"]
[Black "Barp, Alberto"]
[WhiteFideId "4140419"]
[BlackFideId "872555"]
[WhiteElo "2583"]
[BlackElo "2229"]
[Result "0-1"]
[Round "08"]
[TimeControl "180+1"]
[Date "2022.02.22"]
[WhiteClock "0:00:08"]
[BlackClock "0:00:09"]

1. d4 Nf6 2. c4 e6 3. Nc3 Bb4 4. e3 d5 5. Nf3 c5 6. cxd5 exd5 7. dxc5 O-O 8. Be2 Bxc5 9. O-O Nc6 10. b3 Be6 11. Bb2 Qe7 12. Nb5 Rac8 13. Rc1 Ne4 14. Nbd4 Rfd8 15. h3 Bd6 16. Nxc6 bxc6 17. Ba6 Rc7 18. Qd4 f6 19. Rfd1 Bf7 20. Be2 Rcc8 21. Qa4 Bb8 22. Ba6 Rc7 23. Ba3 Qe8 24. Nd2 Bh5 25. Nxe4 Bxd1 26. Nd6 Qe6 27. Rxd1 Rxd6 28. Bxd6 Qxd6 29. g3 Re7 30. Kf1 Qe6 31. Kg2 Qd6 32. Qd4 Qc7 33. Bd3 Qd6 34. b4 Qe5 35. Qh4 g6 36. Rc1 Re6 37. Be2 Qd6 38. Bf3 Bc7 39. b5 cxb5 40. Qd4 Bb6 41. Qxd5 Kg7 42. Qxb5 Qd2 43. Rd1 Qxa2 44. Bd5 Qc2 45. Bxe6 Qxd1 46. Qe8 Qd6 47. Qf7+ Kh6 48. Qxf6 Qd8 49. Qf4+ Kg7 50. Qe5+ Qf6 51. Qxf6+ Kxf6 52. Bb3 g5 53. g4 h6 54. Kf3 Ke5 55. Ke2 Bc5 56. Kd3 Bb4 57. Bc4 Be1 58. Ke2 Bb4 59. Bb3 Bc3 60. Kf3 Be1 61. Kg2 a5 62. Bc2 Bc3 63. h4 Be1 64. h5 Bb4 65. Kf3 Be1 66. Ke2 Bb4 67. Kd3 Be1 68. f3 Bb4 69. Kc4 Bd2 70. e4 Bc1 71. Kc5 Ba3+ 72. Kc6 Bb2 73. Kd7 Kd4 74. Ke7 Ke3 75. Kf7 Kxf3 76. Kg6 Kxg4 77. Kxh6 Kf4 78. Kg6 g4 79. e5 g3 80. Be4 Kxe4 81. e6 g2 82. e7 g1=Q+ 83. Kf7 Qf1+ 84. Ke8 Qb5+ 85. Kf7 Qxh5+ 86. Kf8 a4 87. e8=Q+ Qxe8+ 88. Kxe8 a3 89. Kd7 a2 90. Kc6 a1=Q 91. Kb5 Qa3 92. Kc4 Qd3+ 93. Kb4 Bd4 94. Ka4 Qb1 95. Ka5 Kd5 96. Ka6 Kc6 97. Ka5 Qb5# 0-1


[Site "https://www.chess.com"]

[Event "Titled Tuesday Blitz February 22 Late 2022"]
[White "Todorovic, Bojan"]
[Black "Stanisz, Patryk"]
[WhiteFideId "917087"]
[BlackFideId "1123106"]
[WhiteElo "2266"]
[BlackElo "1876"]
[Result "1-0"]
[Round "08"]
[TimeControl "180+1"]
[Date "2022.02.23"]
[WhiteClock "0:00:13"]
[BlackClock "0:00:04"]

1. Nf3 d5 2. c4 c6 3. b3 Nf6 4. Bb2 Bf5 5. g3 e6 6. Bg2 Nbd7 7. O-O Be7 8. d3 O-O 9. Nbd2 h6 10. Re1 Bh7 11. Qc2 b5 12. a4 a6 13. axb5 axb5 14. Nd4 Qb6 15. cxb5 cxb5 16. Qc6 Qxc6 17. Nxc6 Bd6 18. Nf3 Rfc8 19. Nfd4 e5 20. Rxa8 Rxa8 21. Nxb5 Ra2 22. Nxd6 Rxb2 23. Ne7+ Kf8 24. Nxd5 Rxb3 25. Ra1 Nxd5 26. Bxd5 Rb2 27. Ra8+ Ke7 28. Nc8+ Kd8 29. Nb6+ Ke7 30. Nxd7 Kxd7 31. Ra7+ Kd6 32. Bxf7 Rxe2 33. Bc4 Rd2 34. Rxg7 Bxd3 35. Bxd3 Rxd3 36. Rg6+ Kd5 37. Rxh6 Ke4 38. Rf6 Rd7 39. Kg2 Kd5 40. h4 e4 41. Rf8 Ke5 42. Re8+ Kf5 43. Kh3 Rd2 44. g4+ Kf4 45. Rf8+ Ke5 46. Rf5+ Kd4 47. h5 Rd1 48. Kg3 Rg1+ 49. Kf4 Rf1 50. Kg5 Rh1 51. h6 e3 52. fxe3+ Kxe3 53. Kg6 Ke4 54. h7 Rh4 55. Rh5 Rxg4+ 56. Kf7 Rf4+ 57. Ke7 Kf3 58. h8=Q Kg4 59. Rh4+ Kg3 60. Rxf4 1-0


[Site "https://www.chess.com"]

[Event "Titled Tuesday Blitz February 22 Late 2022"]
[White "Van Foreest, Jorden"]
[Black "Sarana, Alexey"]
[WhiteFideId "1039784"]
[BlackFideId "24133795"]
[WhiteElo "2609"]
[BlackElo "2665"]
[Result "1-0"]
[Round "08"]
[TimeControl "180+1"]
[Date "2022.02.22"]
[WhiteClock "0:01:06"]
[BlackClock "0:00:04"]

1. Nf3 d5 2. d4 Nf6 3. Bf4 c5 4. e3 Nc6 5. Nbd2 Qb6 6. dxc5 Qxb2 7. c4 Bf5 8. g4 Bxg4 9. Rb1 Qxa2 10. Rxb7 e5 11. cxd5 O-O-O 12. Bc4 Qa5 13. dxc6 exf4 14. Rb8+ Kc7 15. Rxd8 Kxd8 16. O-O Kc7 17. Qb3 Bc8 18. Rb1 Bxc5 19. Qb8+ Kd8 20. Nb3 Qb6 21. Rd1+ Nd7 22. Rxd7+ 1-0


[Site "https://www.chess.com"]

[Event "Titled Tuesday Blitz February 22 Late 2022"]
[White "Van den Dikkenberg, Erik"]
[Black "Virtanen, Teemu"]
[WhiteFideId "1005880"]
[BlackFideId "509850"]
[WhiteElo "2118"]
[BlackElo "1926"]
[Result "0-1"]
[Round "08"]
[TimeControl "180+1"]
[Date "2022.02.23"]
[WhiteClock "0:00:19"]
[BlackClock "0:01:26"]

1. e4 d6 2. d4 Nf6 3. Nc3 c6 4. f4 Qa5 5. Bd3 e5 6. fxe5 dxe5 7. dxe5 Ng4 8. Nf3 Nxe5 9. Nxe5 Qxe5 10. O-O Be6 11. Bf4 Qc5+ 12. Kh1 Nd7 13. a3 Be7 14. Qf3 Ne5 15. Qg3 Ng6 16. Be3 Qe5 17. Qxe5 Nxe5 18. Bd4 Bf6 19. Bxe5 Bxe5 20. Rae1 O-O-O 21. Rf3 h5 22. Ref1 f6 23. h3 g5 24. Rxf6 Bxf6 25. Rxf6 Kd7 26. e5 Ke7 27. Ne4 Rd5 28. Nxg5 Rxe5 29. Rxe6+ Rxe6 30. Nxe6 Kxe6 31. g3 Ke5 32. Kg2 h4 33. gxh4 Kf4 34. h5 Rxh5 35. Be2 Rg5+ 36. Bg4 Rd5 37. Kf2 Rd2+ 38. Ke1 Rxc2 39. b3 Ke3 40. Kd1 Rb2 41. Be6 Kd3 42. a4 Rb1# 0-1


[Site "https://www.chess.com"]

[Event "Titled Tuesday Blitz February 22 Late 2022"]
[White "Vifleemskaia, Svetlana"]
[Black "Levine, Joseph"]
[WhiteFideId "4129490"]
[BlackFideId "30940346"]
[WhiteElo "1901"]
[BlackElo "1802"]
[Result "1-0"]
[Round "08"]
[TimeControl "180+1"]
[Date "2022.02.23"]
[WhiteClock "0:00:04"]
[BlackClock "0:00:03"]

1. d4 d5 2. c4 e6 3. Nc3 Nf6 4. cxd5 exd5 5. Bg5 c6 6. e3 Bd6 7. Bd3 O-O 8. Qc2 h6 9. Bh4 Re8 10. Nge2 Nbd7 11. h3 Nf8 12. O-O Be6 13. f4 Bxh3 14. gxh3 Rxe3 15. Kg2 Qd7 16. f5 Rae8 17. Rf3 Rxf3 18. Kxf3 Ng6 19. Bxf6 gxf6 20. Rg1 Kh8 21. fxg6 Qxh3+ 22. Ng3 fxg6 23. Bxg6 Rg8 24. Qf5 Qh4 25. Nce2 Qg5 26. Qxg5 fxg5 27. Bf5 Rf8 28. Kg4 b6 29. Rf1 c5 30. Be6 Re8 31. Bxd5 cxd4 32. Nxd4 Be5 33. Ngf5 Rd8 34. Nxh6 Rxd5 35. Nf7+ Kg8 36. Nxe5 Rxd4+ 37. Kxg5 Rd2 38. Nc4 Rc2 39. Rf4 b5 40. Nd6 Rxb2 41. Kg6 Rg2+ 42. Kf6 Rxa2 43. Rg4+ Kf8 44. Nf5 Ra6+ 45. Ke5 Rb6 46. Rg7 b4 47. Rxa7 b3 48. Ra1 b2 49. Rb1 Kf7 50. Ke4 Kf6 51. Nd4 Rb4 52. Kd3 Rb8 53. Kc3 Ke5 54. Nc6+ 1-0


[Site "https://www.chess.com"]

[Event "Titled Tuesday Blitz February 22 Late 2022"]
[White "Vlassov, Nikolai"]
[Black "Yordanov, Nikolay Plamenov"]
[WhiteFideId "4103360"]
[BlackFideId "2907445"]
[WhiteElo "2407"]
[BlackElo "2248"]
[Result "0-1"]
[Round "08"]
[TimeControl "180+1"]
[Date "2022.02.23"]
[WhiteClock "0:00:04"]
[BlackClock "0:00:07"]

1. e4 c5 2. c3 Nf6 3. e5 Nd5 4. d4 cxd4 5. cxd4 Nc6 6. Nc3 Nxc3 7. bxc3 d5 8. Bd3 e6 9. Nf3 Be7 10. h4 Bd7 11. Bd2 Rc8 12. Ng5 Bxg5 13. hxg5 g6 14. Rh6 Na5 15. Qf3 Nc4 16. Bf4 Qa5 17. Rc1 Qxa2 18. Qh3 Nb2 19. Bb1 Qa5 20. Bd2 Nc4 21. Rxh7 Rxh7 22. Qxh7 Nxd2 23. Kxd2 Rc4 24. Qh8+ Ke7 25. Qf6+ Ke8 26. Bd3 Rxd4 27. Rh1 Qa2+ 28. Ke3 Rxd3+ 29. Kxd3 Bb5+ 30. Kd4 Qc4+ 31. Ke3 Qe2+ 32. Kd4 Qc4+ 33. Ke3 Qe2+ 34. Kd4 Qe4+ 35. Kc5 Qc4+ 36. Kd6 Qc6# 0-1


[Site "https://www.chess.com"]

[Event "Titled Tuesday Blitz February 22 Late 2022"]
[White "Wan, Joseph"]
[Black "Kovanova, Baira"]
[WhiteFideId "2069890"]
[BlackFideId "4164083"]
[WhiteElo "2149"]
[BlackElo "2190"]
[Result "1-0"]
[Round "08"]
[TimeControl "180+1"]
[Date "2022.02.22"]
[WhiteClock "0:00:22"]
[BlackClock "0:00:21"]

1. d4 Nf6 2. Bf4 e6 3. e3 d5 4. Nf3 Bd6 5. Nbd2 c5 6. c3 Qc7 7. Bxd6 Qxd6 8. Bd3 Nc6 9. Qe2 e5 10. e4 cxd4 11. cxd4 O-O 12. exd5 Nxd5 13. dxe5 Nxe5 14. Qxe5 Qxe5+ 15. Nxe5 Re8 16. Nf3 f6 17. Bc4 Be6 18. Nd3 Nf4 19. Nxf4 Bxc4+ 20. Kd2 g5 21. Nh5 Re2+ 22. Kc3 Rc8 23. Rac1 Rxf2 24. Kd4 b5 25. b3 Rd8+ 26. Kc5 Bf7 27. Nxf6+ Kg7 28. Ng4 Rxg2 29. Nge5 Rd5+ 30. Kb4 g4 31. Rc7 a5+ 32. Kxa5 Rxa2+ 33. Kb4 gxf3 34. Rxf7+ Kg8 35. Rxf3 Rxe5 36. Rg1+ Kh8 37. Rf8# 1-0


[Site "https://www.chess.com"]

[Event "Titled Tuesday Blitz February 22 Late 2022"]
[White "Willathgamuwa, Kevin"]
[Black "Weetik, Vjacheslav"]
[WhiteFideId "3214168"]
[BlackFideId "4153472"]
[WhiteElo "1943"]
[BlackElo "2469"]
[Result "0-1"]
[Round "08"]
[TimeControl "180+1"]
[Date "2022.02.23"]
[WhiteClock "0:00:01"]
[BlackClock "0:00:10"]

1. e4 e5 2. Nf3 Nc6 3. d4 exd4 4. Bc4 Nf6 5. e5 d5 6. Bb5 Ne4 7. Nxd4 Bd7 8. Bxc6 bxc6 9. O-O Bc5 10. f3 Ng5 11. Be3 Bb6 12. f4 Ne4 13. Nd2 c5 14. N4f3 Nxd2 15. Qxd2 d4 16. Bf2 Bc6 17. Bh4 Qd5 18. f5 h6 19. Rae1 c4 20. Kh1 Kd7 21. e6+ Kc8 22. exf7 Qxf7 23. Ne5 Qd5 24. Nxc6 Qxc6 25. Re7 Kb7 26. Rxg7 c3 27. bxc3 dxc3 28. Qd7 Qe4 29. Qd3 Qxh4 30. f6 Rad8 31. Qf3+ Kb8 32. f7 Rhf8 33. Rg4 Qe7 34. Rf4 Qe5 35. Rf5 Qd4 36. Rf4 Qd2 0-1


[Site "https://www.chess.com"]

[Event "Titled Tuesday Blitz February 22 Late 2022"]
[White "Wu, Christopher"]
[Black "Piesik, Piotr"]
[WhiteFideId "2040875"]
[BlackFideId "1136194"]
[WhiteElo "2638"]
[BlackElo "2232"]
[Result "0-1"]
[Round "08"]
[TimeControl "180+1"]
[Date "2022.02.23"]
[WhiteClock "0:00:11"]
[BlackClock "0:00:56"]

1. d4 c5 2. d5 e5 3. c4 d6 4. Nc3 Be7 5. e4 Bg5 6. Bd3 Bxc1 7. Rxc1 Ne7 8. a3 O-O 9. Nge2 Ng6 10. O-O Nd7 11. Qd2 Qe7 12. b4 a5 13. bxa5 Rxa5 14. Nb5 Ra6 15. g3 Nb6 16. Kh1 Bh3 17. Rg1 Bd7 18. Rb1 Nc8 19. Rb3 Bxb5 20. cxb5 Ra4 21. Rc3 Nb6 22. Qc2 Rfa8 23. Qc1 Nf8 24. f4 Nfd7 25. f5 c4 26. Bxc4 Nxc4 27. Rxc4 Rxc4 28. Qxc4 Nc5 29. Nc3 Rxa3 30. b6 h6 31. Re1 Qg5 32. Nb5 Re3 33. Qc1 Re2 34. Nc3 Rxe1+ 35. Qxe1 Nd3 36. Qe2 Qc1+ 37. Nd1 Qxd1+ 0-1


[Site "https://www.chess.com"]

[Event "Titled Tuesday Blitz February 22 Late 2022"]
[White "Yang, Kaiqi"]
[Black "Romero Ruscalleda, Josep"]
[WhiteFideId "8604398"]
[BlackFideId "2231859"]
[WhiteElo "2373"]
[BlackElo "2390"]
[Result "1-0"]
[Round "08"]
[TimeControl "180+1"]
[Date "2022.02.23"]
[WhiteClock "0:00:50"]
[BlackClock "0:00:13"]

1. c4 g6 2. d4 Bg7 3. Nc3 d6 4. e4 e5 5. d5 Ne7 6. h4 f5 7. h5 Nd7 8. Nh3 Bf6 9. Ng5 Nc5 10. hxg6 hxg6 11. Rxh8+ Bxh8 12. b4 Nxe4 13. Ncxe4 fxe4 14. Nxe4 Bf5 15. Bd3 Qd7 16. Ng5 O-O-O 17. Bxf5 Qxf5 18. Ne6 Rg8 19. Be3 e4 20. Rc1 g5 21. Qa4 a6 22. Qa5 b6 23. Qxa6+ Kd7 24. Qa4+ c6 25. Qa7+ Ke8 26. Qxb6 cxd5 27. cxd5 Qxd5 28. Nc7+ 1-0


[Site "https://www.chess.com"]

[Event "Titled Tuesday Blitz February 22 Late 2022"]
[White "Yuan, Qingyu"]
[Black "Chigaev, Maksim"]
[WhiteFideId "8609772"]
[BlackFideId "4108116"]
[WhiteElo "2359"]
[BlackElo "2502"]
[Result "0-1"]
[Round "08"]
[TimeControl "180+1"]
[Date "2022.02.22"]
[WhiteClock "0:00:03"]
[BlackClock "0:00:04"]

1. Nf3 Nf6 2. g3 b5 3. Bg2 Bb7 4. O-O c5 5. d3 g6 6. b3 Bg7 7. Bb2 O-O 8. c4 a6 9. Nbd2 d6 10. Rc1 Nbd7 11. Rc2 e5 12. Qa1 Qe7 13. Rd1 h6 14. e3 Rfe8 15. a3 Rac8 16. Rdc1 Nb6 17. Bc3 Nbd7 18. Bb2 bxc4 19. Nxc4 e4 20. dxe4 Bxe4 21. Rd2 d5 22. Na5 Nh5 23. Nh4 Bxg2 24. Nxg2 Bxb2 25. Qxb2 Nhf6 26. Nf4 Ne5 27. Rdd1 d4 28. exd4 Nf3+ 29. Kh1 cxd4 30. Rxc8 Rxc8 31. Nc4 Rd8 32. Qe2 Qb7 33. Na5 Qa8 34. Ng2 Re8 35. Qc4 Ng4 36. Qf1 d3 37. h3 Nfh2 38. Qg1 Re2 39. hxg4 Nxg4 40. Rf1 Qf3 41. Nc4 Nxf2+ 42. Kh2 d2 43. Nxd2 Rxd2 44. Re1 Qh5+ 45. Nh4 Ng4+ 46. Kh1 Qd5+ 47. Ng2 Kg7 48. Rf1 Qh5+ 49. Nh4 Qd5+ 50. Ng2 Re2 51. Re1 Nf2+ 52. Qxf2 Rxf2 53. Rg1 Qh5+ 54. Nh4 g5 55. Rg2 Rf1+ 56. Kh2 gxh4 57. gxh4+ Kh7 58. Rg5 hxg5 0-1


[Site "https://www.chess.com"]

[Event "Titled Tuesday Blitz February 22 Late 2022"]
[White "Zeynalli, Rashad"]
[Black "Baker, Chris W"]
[WhiteFideId "13403320"]
[BlackFideId "401676"]
[WhiteElo "2125"]
[BlackElo "2269"]
[Result "1/2-1/2"]
[Round "08"]
[TimeControl "180+1"]
[Date "2022.02.23"]
[WhiteClock "0:00:08"]
[BlackClock "0:00:40"]

1. e4 e5 2. Nf3 Nc6 3. Bb5 a6 4. Ba4 Nf6 5. O-O Be7 6. Re1 b5 7. Bb3 O-O 8. h3 d6 9. c3 Na5 10. Bc2 c5 11. d4 Qc7 12. d5 Bd7 13. b3 b4 14. c4 Nb7 15. Nbd2 a5 16. a4 Nd8 17. Nf1 Ne8 18. g4 g6 19. Bh6 Ng7 20. Ne3 f6 21. h4 Nf7 22. Bxg7 Kxg7 23. Kg2 h6 24. Rh1 g5 25. Qd2 Nh8 26. Nf5+ Bxf5 27. gxf5 Nf7 28. Rag1 Rh8 29. Kf1 Bd8 30. Bd1 Kf8 31. Nh2 Ke7 32. Bh5 Qd7 33. Ng4 Bc7 34. Rh2 Rag8 35. Rgh1 gxh4 36. Bxf7 Rxg4 37. Be6 Qe8 38. Rxh4 Rxh4 39. Rxh4 h5 40. Qe2 Rh6 41. Qf3 Qh8 42. Qg3 Bd8 43. f4 Ke8 44. Ke2 Be7 45. Qg1 Bf8 46. Rh2 h4 47. Rg2 h3 48. Rg6 h2 49. Qh1 Rxg6 50. fxg6 Qh5+ 51. Kd3 exf4 52. Bf7+ Ke7 53. g7 Qxf7 54. gxf8=Q+ Qxf8 55. Qxh2 Qg7 56. Qxf4 Qg2 57. Qh6 Qf1+ 58. Kd2 Qf2+ 59. Kd1 Qf1+ 60. Kd2 Qf2+ 61. Kd1 Qf1+ 62. Kd2 1/2-1/2


[Site "https://www.chess.com"]

[Event "Titled Tuesday Blitz February 22 Late 2022"]
[White "Zong, Davis"]
[Black "Budrewicz, Krzysztof"]
[WhiteFideId "30903955"]
[BlackFideId "1127950"]
[WhiteElo "2061"]
[BlackElo "2248"]
[Result "1-0"]
[Round "08"]
[TimeControl "180+1"]
[Date "2022.02.23"]
[WhiteClock "0:00:22"]
[BlackClock "0:00:59"]

1. d4 Nf6 2. c4 g6 3. Nc3 Bg7 4. e4 d6 5. Nf3 O-O 6. Be2 e5 7. O-O Na6 8. Re1 exd4 9. Nxd4 Nc5 10. Bf1 Re8 11. f3 a5 12. Be3 c6 13. Qd2 Nh5 14. Nc2 a4 15. Rad1 Be5 16. Bxc5 Qh4 17. g3 Nxg3 18. hxg3 Bxg3 19. Bxd6 Bxe1 20. Rxe1 Ra5 21. c5 Be6 22. Nd5 cxd5 23. Qxa5 dxe4 24. Rxe4 Qg5+ 25. Bg2 Qc1+ 26. Ne1 Qxb2 27. Qxa4 Rc8 28. Qd4 Qxa2 29. Qf6 Qd5 30. Be5 Kf8 31. Rd4 Qxc5 32. Qh8+ Ke7 33. Bf6# 1-0


[Site "https://www.chess.com"]

[Event "Titled Tuesday Blitz February 22 Late 2022"]
[White "Andreikin, Dmitry"]
[Black "Kukhmazov, Arsen"]
[WhiteFideId "4158814"]
[BlackFideId "24108260"]
[WhiteElo "2736"]
[BlackElo "2487"]
[Result "1-0"]
[Round "09"]
[TimeControl "180+1"]
[Date "2022.02.22"]
[WhiteClock "0:00:11"]
[BlackClock "0:00:06"]

1. d4 d5 2. Nf3 Nf6 3. c4 c6 4. e3 Bg4 5. h3 Bh5 6. Nc3 e6 7. g4 Bg6 8. Ne5 Nbd7 9. Nxg6 hxg6 10. a3 g5 11. Bd2 Bd6 12. Bg2 Nf8 13. Qb3 Qb6 14. Qa4 dxc4 15. Qxc4 Ng6 16. O-O-O Nh4 17. Be4 O-O-O 18. Kc2 Nxe4 19. Nxe4 Be7 20. Bb4 Bxb4 21. axb4 Rd5 22. Nc3 Rd7 23. Ra1 Kb8 24. Ra5 Nf3 25. Rha1 Rxh3 26. Na4 Nxd4+ 27. exd4 Qxd4 28. Qxd4 Rxd4 29. Rxg5 Rf4 30. Rf1 g6 31. Nc3 Rhf3 32. Re5 Rxf2+ 33. Rxf2 Rxf2+ 34. Re2 Rf4 35. g5 Kc7 36. Ne4 b6 37. Kd3 Rf3+ 38. Re3 Rf5 39. Rh3 e5 40. Ke3 Kd7 41. Rh8 Kc7 42. Re8 Kd7 43. Ra8 a5 44. bxa5 bxa5 45. Rxa5 Ke6 46. Rc5 Kd7 47. b4 Kc7 48. b5 1-0


[Site "https://www.chess.com"]

[Event "Titled Tuesday Blitz February 22 Late 2022"]
[White "Araujo Filho, Luiz Antonio Coel"]
[Black "P., Komal Kishore"]
[WhiteFideId "2130661"]
[BlackFideId "5016703"]
[WhiteElo "2226"]
[BlackElo "2058"]
[Result "1-0"]
[Round "09"]
[TimeControl "180+1"]
[Date "2022.02.23"]
[WhiteClock "0:00:13"]
[BlackClock "0:00:02"]

1. d4 d5 2. Nf3 Nf6 3. e3 Bg4 4. Nbd2 e6 5. c4 c6 6. Bd3 Be7 7. O-O O-O 8. Qc2 Bh5 9. Ne5 Nbd7 10. f4 Bg6 11. Nxg6 hxg6 12. Rf3 Qc7 13. Rh3 Rfc8 14. Nf3 Nf8 15. Ne5 Bd6 16. Bd2 a6 17. c5 Be7 18. Bxg6 fxg6 19. Nxg6 Nxg6 20. Qxg6 Bf8 21. Rf1 Qf7 22. Qg5 Ne4 23. Qh4 Qg6 24. Be1 Kf7 25. f5 exf5 26. Rhf3 Be7 27. Rxf5+ Kg8 28. Qxe7 Re8 29. Qf7+ Qxf7 30. Rxf7 Rab8 31. h4 Red8 32. Rc7 Nf6 33. Bg3 Re8 34. Bf4 1-0


[Site "https://www.chess.com"]

[Event "Titled Tuesday Blitz February 22 Late 2022"]
[White "Avramidou, Anastasia"]
[Black "Goryachkina, Aleksandra"]
[WhiteFideId "4239873"]
[BlackFideId "4147103"]
[WhiteElo "2183"]
[BlackElo "2426"]
[Result "0-1"]
[Round "09"]
[TimeControl "180+1"]
[Date "2022.02.22"]
[WhiteClock "0:00:22"]
[BlackClock "0:01:29"]

1. c4 Nf6 2. Nc3 e6 3. e4 c5 4. e5 Ng8 5. d3 Nc6 6. f4 d6 7. exd6 Bxd6 8. Nf3 Nge7 9. Be2 O-O 10. O-O b6 11. Kh1 Bb7 12. Ne4 Bc7 13. Ng3 Nf5 14. Nxf5 exf5 15. b3 Re8 16. Qd2 Qd6 17. Bd1 Rad8 18. Bc2 Nb4 19. Bb2 Nxc2 20. Qxc2 Qxf4 21. Ne5 Qh4 22. Rxf5 f6 0-1


[Site "https://www.chess.com"]

[Event "Titled Tuesday Blitz February 22 Late 2022"]
[White "Baker, Chris W"]
[Black "Guliyev, Namig"]
[WhiteFideId "401676"]
[BlackFideId "13400363"]
[WhiteElo "2275"]
[BlackElo "2487"]
[Result "0-1"]
[Round "09"]
[TimeControl "180+1"]
[Date "2022.02.23"]
[WhiteClock "0:00:19"]
[BlackClock "0:01:42"]

1. Nf3 d5 2. g3 Bg4 3. Bg2 Nd7 4. O-O e5 5. d3 Ngf6 6. c4 c6 7. cxd5 cxd5 8. Nc3 d4 9. Ne4 Nxe4 10. dxe4 Bc5 11. Qb3 Qb6 12. Qxb6 Bxb6 13. b4 O-O 14. Bb2 Rfc8 15. Rfc1 Be6 16. a4 a5 17. b5 f6 18. Nd2 Nc5 19. Nc4 Bxc4 20. Rxc4 Nb3 21. Rxc8+ Rxc8 22. Rb1 Rc2 23. Bh3 Kf7 24. Ba3 Nd2 25. Rc1 Rxc1+ 26. Bxc1 Nxe4 27. Kf1 Nc5 28. Bc8 Nxa4 29. Bxb7 Nc3 30. Bc6 a4 31. Ke1 Bc5 32. Kd2 a3 33. Kd3 Ke7 34. Kc4 Kd6 35. e3 a2 36. Bb2 Na4 37. Ba1 dxe3 38. fxe3 Bxe3 39. Kb3 Bd4 40. Kxa2 Bxa1 41. Kxa1 Kc5 42. Kb1 Nc3+ 43. Kc2 Nxb5 44. Be4 f5 0-1


[Site "https://www.chess.com"]

[Event "Titled Tuesday Blitz February 22 Late 2022"]
[White "Barp, Alberto"]
[Black "Abdrlauf, Elham"]
[WhiteFideId "872555"]
[BlackFideId "1533533"]
[WhiteElo "2229"]
[BlackElo "2334"]
[Result "0-1"]
[Round "09"]
[TimeControl "180+1"]
[Date "2022.02.22"]
[WhiteClock "0:01:08"]
[BlackClock "0:01:41"]

1. d4 Nf6 2. c4 e6 3. g3 d5 4. Bg2 dxc4 5. Nf3 a6 6. O-O Nc6 7. Bg5 Be7 8. e3 Rb8 9. Nfd2 e5 10. Bxc6+ bxc6 11. dxe5 Ng4 12. Bxe7 Qxe7 13. Nxc4 h5 14. Nbd2 h4 15. f3 Nxh2 16. Kxh2 hxg3+ 17. Kg1 Qh4 0-1


[Site "https://www.chess.com"]

[Event "Titled Tuesday Blitz February 22 Late 2022"]
[White "Baskin, Robert"]
[Black "Yuan, Qingyu"]
[WhiteFideId "24662402"]
[BlackFideId "8609772"]
[WhiteElo "2488"]
[BlackElo "2359"]
[Result "1-0"]
[Round "09"]
[TimeControl "180+1"]
[Date "2022.02.22"]
[WhiteClock "0:00:21"]
[BlackClock "0:00:15"]

1. d4 d5 2. c4 e6 3. Nf3 Nf6 4. g3 dxc4 5. Bg2 c5 6. O-O Nc6 7. Ne5 Bd7 8. Na3 cxd4 9. Naxc4 Be7 10. b3 O-O 11. Bb2 Rc8 12. Rc1 b5 13. Nxc6 Bxc6 14. Bxc6 Rxc6 15. Ne5 Rxc1 16. Qxc1 Qd5 17. Qf4 Bd6 18. Qxd4 Rc8 19. Qxd5 Nxd5 20. Nd3 Rc2 21. Rc1 Rxc1+ 22. Nxc1 Nb4 23. a4 bxa4 24. bxa4 Kf8 25. f4 f5 26. Nb3 g6 27. Kf2 Nd5 28. Kf3 Nb6 29. a5 Nc4 30. Bd4 a6 31. e4 Ke7 32. e5 Bc7 33. Bc3 h6 34. Ke2 g5 35. Kd3 Na3 36. Bb4+ Kd7 37. Bxa3 gxf4 38. gxf4 Kc6 39. Kc4 Bd8 40. Bb4 h5 41. Nc5 Bh4 42. Nxe6 Bf2 43. Nd4+ Kd7 44. e6+ Ke8 45. Nxf5 h4 46. Ng7+ Kd8 47. e7+ Kc7 48. e8=Q h3 49. Ne6+ Kb7 50. Qd7+ Ka8 51. Qc8+ Ka7 52. Nd8 1-0


[Site "https://www.chess.com"]

[Event "Titled Tuesday Blitz February 22 Late 2022"]
[White "Bodnar, Nikolay"]
[Black "Hoffmann, Asa"]
[WhiteFideId "14106469"]
[BlackFideId "2001470"]
[WhiteElo "2296"]
[BlackElo "2117"]
[Result "1-0"]
[Round "09"]
[TimeControl "180+1"]
[Date "2022.02.23"]
[WhiteClock "0:00:21"]
[BlackClock "0:00:15"]

1. e4 d6 2. d4 Nf6 3. Nc3 c6 4. f4 Qa5 5. Bd3 e5 6. dxe5 dxe5 7. Nf3 Nbd7 8. O-O Bd6 9. f5 Bc5+ 10. Kh1 Ng4 11. Qe1 h5 12. h3 b5 13. hxg4 hxg4+ 14. Nh2 Nf6 15. Be3 Qb6 16. Bxc5 Qxc5 17. Qg3 Bd7 18. Nd1 O-O-O 19. Ne3 Nh5 20. Qe1 g3 21. b4 Qe7 22. a4 gxh2 23. axb5 Qg5 24. Rf3 cxb5 25. Nd5 Bc6 26. Rxa7 Bxd5 27. exd5 Kb8 28. Qa1 Ng3+ 29. Rxg3 Qxg3 30. Ra8+ Kc7 31. Qa7+ Kd6 32. Qc5+ Kd7 33. Ra7+ 1-0


[Site "https://www.chess.com"]

[Event "Titled Tuesday Blitz February 22 Late 2022"]
[White "Borisova, Ekaterina"]
[Black "Qashashvili, Alexandre"]
[WhiteFideId "34124184"]
[BlackFideId "13600842"]
[WhiteElo "2034"]
[BlackElo "2316"]
[Result "0-1"]
[Round "09"]
[TimeControl "180+1"]
[Date "2022.02.23"]
[WhiteClock "0:00:01"]
[BlackClock "0:00:19"]

1. d4 d5 2. c4 c6 3. cxd5 cxd5 4. Bf4 Nf6 5. Nc3 Nc6 6. e3 Bg4 7. Nf3 e6 8. Qb3 Qb6 9. Qxb6 axb6 10. Ne5 Nxe5 11. Bxe5 Bb4 12. f3 Bh5 13. Bb5+ Ke7 14. Kd2 Bd6 15. Bg3 Bxg3 16. hxg3 Rhc8 17. a3 Bg6 18. Rac1 Ne8 19. Bxe8 Kxe8 20. e4 dxe4 21. fxe4 f6 22. Ke3 Ke7 23. Na2 h6 24. Nb4 Be8 25. Nd3 Bb5 26. Nf4 Kf7 27. e5 fxe5 28. dxe5 Rc5 29. Rxc5 bxc5 30. Rd1 Ke7 31. Rd6 Ra6 32. Rxa6 Bxa6 33. b4 cxb4 34. axb4 Bf1 35. Kd4 b6 36. Ng6+ Kf7 37. Nh4 Ke7 38. Nf3 Bxg2 39. Ne1 Bf1 40. Nc2 Kf7 41. Na3 h5 42. Nb1 g5 43. Nd2 Be2 44. Ne4 Kg6 45. Ke3 Ba6 46. Nd6 Bf1 47. Ke4 Be2 48. Ke3 Bf1 49. Nc8 b5 50. Nd6 h4 51. gxh4 gxh4 52. Kf4 Kh5 53. Ne4 Bc4 54. Nf6+ Kg6 0-1


[Site "https://www.chess.com"]

[Event "Titled Tuesday Blitz February 22 Late 2022"]
[White "Boros, Denes"]
[Black "Martinez Alcantara, Jose Eduardo"]
[WhiteFideId "722340"]
[BlackFideId "3805662"]
[WhiteElo "2464"]
[BlackElo "2690"]
[Result "0-1"]
[Round "09"]
[TimeControl "180+1"]
[Date "2022.02.22"]
[WhiteClock "0:00:10"]
[BlackClock "0:00:08"]

1. e4 e5 2. Nf3 Nc6 3. Bb5 a6 4. Ba4 Nf6 5. O-O Be7 6. Re1 b5 7. Bb3 d6 8. a3 O-O 9. d3 Nb8 10. Nc3 Nbd7 11. Ne2 Nc5 12. Ba2 Be6 13. b4 Bxa2 14. Rxa2 Ncd7 15. Ng3 g6 16. c4 Re8 17. h3 Bf8 18. Bg5 Qb8 19. Qd2 Bg7 20. Bh6 a5 21. Rc2 axb4 22. axb4 Ra3 23. Bxg7 Kxg7 24. c5 Qd8 25. Rd1 Qe7 26. Qg5 Kh8 27. cxd6 cxd6 28. Rc7 Qd8 29. Rb7 Qc8 30. Rxb5 Qa6 31. Ra5 Rxa5 32. bxa5 Qxa5 33. d4 Qa4 34. Rd2 Qb4 35. Qh6 Kg8 36. Nh4 Kh8 37. Rc2 exd4 38. Nhf5 gxf5 39. Nxf5 Nh5 40. Rc7 Qe1+ 41. Kh2 Qxe4 42. Qxh5 Qe5+ 43. g3 Qe6 44. Nh6 Rf8 45. Qg5 Ne5 46. Qf4 Qg6 47. Qg4 Qxh6 48. Qxd4 Qf6 49. Kg2 Kg7 50. f4 Ng6 51. Qd5 h5 52. Qf3 h4 53. Rc2 hxg3 54. Qxg3 Qxf4 55. Rf2 Qxg3+ 56. Kxg3 f5 57. h4 f4+ 58. Kg4 Ne5+ 59. Kh3 f3 60. h5 Rf5 61. h6+ Kxh6 62. Kg3 Kg5 0-1


[Site "https://www.chess.com"]